 Dungeon Crawl Stone Soup version 0.29.1-2-gbd0b4ee654 (webtiles) character file.

Game seed: 12614658259118710751

155 Icepheonix32 the Grave Robber (level 5, 0/42 HPs)
             Began as a Deep Elf Necromancer on Oct 31, 2022.
             Succumbed to a kobold brigand's poison
             ... on level 4 of the Dungeon.
             The game lasted 00:04:22 (3005 turns).

Icepheonix32 the Grave Robber (DENe)                Turns: 3005, Time: 00:04:22

Health: 0/42       AC: 30    Str:  7    XL:     5   Next: 14%
Magic:  8/11       EV:  2    Int: 20    God:
Gold:   123        SH:  0    Dex: 15    Spells: 9/10 levels left

rFire   . . .      SeeInvis .   g - +10 quarterstaff of the Sage {protect, rC+ Will+}
rCold   + . .      Faith    .   (shield currently unavailable)
rNeg    . . .      Spirit   .   (body armour currently unavailable)
rPois   +          Reflect  .   (helmet currently unavailable)
rElec   .          Harm     .   (cloak currently unavailable)
rCorr   .          Rampage  .   (gloves currently unavailable)
Will    +....      NoTele   +   (boots currently unavailable)
Stlth   ++........              l - amulet of the acrobat
HPRegen 0.14/turn               u - +4 ring of protection
MPRegen 0.12/turn               o - +4 ring of protection

@: lethally poisoned (0 -> -1), tree-form
A: stationary, stasis, torment immunity, boosted hp
a: no special abilities


You were on level 4 of the Dungeon.
You were a tree.
You visited 1 branch of the dungeon, and saw 4 of its levels.

You collected 123 gold pieces.

Inventory:

Hand Weapons
 c - a +0 dagger
 g - the +10 quarterstaff of the Sage (weapon) {protect, rC+ Will+}
   (You found it on level 2 of the Dungeon)

   It grants its wielder temporary protection when it strikes (+7 to AC).
   rC:        It protects you from cold.
   Will:      It increases your willpower.
 v - a +2 dagger of pain
Missiles
 p - 4 atropa-tipped darts
Armour
 a - a +0 robe (melded)
 f - a +0 pair of gloves (melded)
 m - a +0 buckler
Jewellery
 e - a ring of flight
 l - an amulet of the acrobat (around neck)
 o - a +4 ring of protection (right branch)
 u - a +4 ring of protection (left branch)
Scrolls
 i - 2 scrolls of poison
Potions
 b - a potion of magic
 d - a potion of resistance
 h - 2 potions of mutation {unknown}
 k - 2 potions of curing {unknown}
 n - a potion of haste {unknown}
 s - a potion of brilliance {unknown}


   Skills:
 + Level 1.1 Staves
 - Level 2.4 Dodging
 - Level 2.4 Stealth
 - Level 3.0 Spellcasting
 + Level 7.6 Necromancy


You had 9 spell levels left.
You knew the following spells:

 Your Spells              Type           Power      Damage    Failure   Level
a - Necrotise             Necr           100%       1d9       1%          1

Your spell library contained the following spells:

 Spells                   Type           Power      Damage    Failure   Level
 Vampiric Draining        Necr           33%        2d8       1%          3
 Animate Dead             Necr           33%        N/A       6%          4
 Agony                    Necr           33%        N/A       17%         5
 Ignite Poison            Fire/Tmut/Pois 3%         N/A       38%         3
 Mephitic Cloud           Conj/Pois/Air  3%         N/A       38%         3
 Freezing Cloud           Conj/Ice/Air   1%         6-21      98%         5


Dungeon Overview and Level Annotations

Branches:
Dungeon (4/15)
 Temple: D:4-7

Altars:

Shops:
D:1 ?


Message History

The kobold brigand hits you but does no damage.
The adder closely misses you.
The kobold brigand hits you but does no damage.
Unknown command.
Casting: Necrotise (safe; 1% risk of failure)
Confirm with . or Enter, or press ? or * to list all spells.
Aiming: Necrotise (safe; 1% risk of failure)
Press: ? - help, Shift-Dir - straight line, f - adder
Aim: an adder (chance to affect: 88%)
The adder writhes in agony!
You feel sick. The adder misses you.
The kobold brigand hits you with a +0 short sword.
* * * LOW HITPOINT WARNING * * *
Unknown command.
Unknown command.
Casting: Necrotise (safe; 1% risk of failure)
Confirm with . or Enter, or press ? or * to list all spells.
Aiming: Necrotise (safe; 1% risk of failure)
Press: ? - help, Shift-Dir - straight line, f/p - adder
Aim: an adder (severely wounded, chance to affect: 88%)
The adder writhes in agony!
You kill the adder!
The dead are slithering!
You feel sick.
The kobold brigand hits you but does no damage.
Unknown command.
Casting: Necrotise (safe; 1% risk of failure)
Confirm with . or Enter, or press ? or * to list all spells.
You don't know that spell.
Casting: Necrotise (safe; 1% risk of failure)
Confirm with . or Enter, or press ? or * to list all spells.
Aiming: Necrotise (safe; 1% risk of failure)
Press: ? - help, Shift-Dir - straight line, f - kobold brigand
Aim: a kobold brigand, wielding a +0 short sword and quivering poisoned darts (lightly wounded, chance to affect: 83%)
The kobold brigand writhes in agony.
You feel sick.
The kobold brigand hits you with a +0 short sword.
* * * LOW HITPOINT WARNING * * *
Really quaff the potion of lignification?
You turn into a tree.
Your +0 pair of gloves melds into your body.
Your +0 robe melds into your body.
Your roots penetrate the ground.
You die...

,...*~~~~*****~~~~~~~~~***,,,*,,,
....###~~~~~~~~~*****~~~~***,,,**
......#####~~~*** ***~~~~*,,*,,
..........**~~~~* ******~,,,*,*,,
.....#...#******* *,,,,,,,,,,,*,,
.....#...###### *,*,,,,,,,,,,,,
.....#...##...# *,*,*,*,*,,,,,,
.....#.)....#†#####,,,*,*,,,,,,,,
.....#.....##...♣K#****,,,,,,,,,,
...........##.Z#.....#*,,,,,,,,,,
...........##..#.###..#****,,,,,,
...........###.#..,**..#*,,,,,,,,
...........# #S##..,**,.*,**,,,,,
...<.......# #..*...,**,*,,+,,,,,
##..#......# ##.*#...,*,****,,,,,
#...###+#### *..*#...*,,* *,,,,,
#....,*,* **,,***,,,,* *,,,,,


You could see a kobold brigand (ally target) and a friendly adder skeleton.

Vanquished Creatures
  An orc priest (D:3)
  5 adders
  4 worms
  2 orcs (D:3)
  7 bats
  5 endoplasms
  3 giant cockroaches
  6 goblins
  3 hobgoblins
  6 jackals
  4 kobolds
  A quokka (D:2)
  3 ball pythons
  3 frilled lizards
  11 rats
64 creatures vanquished.

Vanquished Creatures (collateral kills)
  A dart slug (D:3)
  A bat (D:1)
  A ball python (D:1)
3 creatures vanquished.

Grand Total: 67 creatures vanquished

Notes
Turn   | Place    | Note
-------+----------+-------------------------------------------
     0 | D:1      | Icepheonix32 the Deep Elf Necromancer began the quest for
                  | the Orb.
     0 | D:1      | Reached XP level 1. HP: 10/10 MP: 6/6
    79 | D:1      | Reached skill level 5 in Necromancy
   140 | D:1      | Found Urueh's Magic Scroll Shop.
   255 | D:1      | Reached XP level 2. HP: 15/15 MP: 2/8
  1141 | D:2      | Identified the +10 quarterstaff of the Sage {protect, rC+
                  | Will+}
  1169 | D:2      | Reached skill level 6 in Necromancy
  1169 | D:2      | Reached XP level 3. HP: 12/19 MP: 3/9
  2076 | D:3      | Reached XP level 4. HP: 24/24 MP: 8/10
  2265 | D:3      | Reached skill level 7 in Necromancy
  2758 | D:3      | Reached XP level 5. HP: 28/28 MP: 8/11
  2837 | D:3      | Reached skill level 1 in Staves
  3004 | D:4      | HP: 1/28 [kobold brigand/+0 short sword (4)]
  3005 | D:4      | Succumbed to a kobold brigand's poison

Illustrated notes

Levels and vault maps discovered:
D:1:      dpeg_arrival_arbitrary_a, layout_loops_ring, serial_shops,
          nicolae_shop_statue_plus
D:2:      layout_loops_ring
D:3:      layout_basic
D:4:      minmay_evil_eye, layout_basic, gup_sewer_entry_spiral, st_stairs_1,
          minmay_liquid_box, chequers_serial_rivers_large_b

Skill      XL: |  1  2  3  4  5 |
---------------+----------------+-----
Necromancy     | 5 6 7 |  7.6
Staves         | 1 |  1.1
Dodging        | |  2.4
Stealth        | |  2.4
Spellcasting   | |  3.0

Action                   |  1- 3 |  4- 6 || total
-------------------------+-------+-------++-------
Melee: Dagger            |    16 |       ||    16
       Quarterstaff      |     1 |    26 ||    27
 Cast: Necrotise         |    58 |    34 ||    92
  Use: Scroll            |       |     8 ||     8
       Potion            |       |     1 ||     1
 Stab: Sleeping          |     2 |       ||     2
Armor: Robe              |    10 |    10 ||    20
Dodge: Dodged            |    28 |    13 ||    41
